Unix NetHack Version 5.0.0-0 post-release - last build Jun 10 2026 00:39:30 (3ee93aec679c4c4259841fe613dc97188e26a321,branch:main).

Game began 2026-06-15 04:56:33, ended 2026-06-15 05:26:29.

CyberFan, neutral male human Tourist

                                                                       ---
                              -------                                  -.-
                             --...|..                                   .
                            --......-                        ----      -.
                      --    |.......|#                       |..---    |.--
                     --.  ---......-#         ----          --....|    |..|
                     -..............|         |..--         |.....|    |>[|
                        -----.......--       --...--        |.|...|    |.)|
                          -#....---..|    ----^....-@########.|-.--    |..-----
                         -#..`.-| #..---  -........G------- |)||[--    |......|
                         #......---....| |.....--........[---.||..|    |.--...|
                         |.....[..*(..[--|..... --......-.....|-..|    |.|   --
                         #...)........<..|.0---  |.--....----.|...|    |.|---
                         |.......--......|-  -----.|---..| |..|...---- |.|..|
                         ---....----....------.....|  |..| |^.|--....--|....|
                           |-..)------..--.....-----  ---- ---- --....--....|
                           -......------...-----                 ----.....---
                          -.---......[...---                        |.-..--
                          ..  --..--------                          --..--
                         |.-   ----                                  ----
                         --
CyberFan the Excursionist   St:3 Dx:12 Co:14 In:14 Wi:10 Ch:18  Neutral
Dlvl:6  $:33 HP:0(48) Pw:23(23) AC:-2 Xp:7/914 T:3472  Burdened

Latest messages:
 The dart hits the spotted jelly.
 In what direction?
 The dart hits the spotted jelly.
 What do you want to zap? [rsy or ?*]
 In what direction?
 The pony just misses!
 The pony misses!
 The pony misses!
 The pony bites!
 You miss the pony.
 The pony misses!
 The pony bites!
 You are beginning to feel hungry.
 You hit the pony!
 The pony kicks!
 The pony bites!
 The pony kicks!
 The pony bites!
 You miss the pony.
 The pony misses!
 The pony bites!
 The pony kicks!
 The pony misses!
 You kill the pony!
 You see here a pony corpse.
 There is a pony corpse here; eat it? [ynq] (n)
 This pony corpse tastes terrible!
 You stop eating the pony corpse.
 The gnome king wields a thonged club!
 The gnome king secures the tether on the thonged club.
 You see here a partly eaten pony corpse.
 There is a partly eaten pony corpse here; eat it? [ynq] (n)
 You resume your meal.
 You stop eating the pony corpse.
 You hit the gnome king!
 The gnome king thrusts his broad short sword.
 The gnome king misses!
 You hit the gnome king!
 The gnome king thrusts his broad short sword.
 The gnome king hits!
 The gnome king thrusts his broad short sword.
 The gnome king hits!
 You hit the gnome king!
 The gnome king thrusts his broad short sword.
 The gnome king hits!
 What do you want to zap? [rsy or ?*]
 Nothing happens.
 The gnome king thrusts his broad short sword.
 The gnome king hits!
 You die...

Inventory:
 Coins    ('$')
  $ - 33 gold pieces
 Weapons  (')')
  I - 2 uncursed +1 darts (at the ready)
  J - 2 uncursed +0 darts
  b - an uncursed +3 scimitar (weapon in left hand)
 Armor    ('[')
  E - an uncursed +0 dwarvish iron helm (being worn)
  G - an uncursed +0 pair of iron shoes (being worn)
  f - an uncursed +0 dwarvish roundshield (being worn)
  R - an uncursed +0 dwarvish cloak (being worn)
  j - an uncursed +0 Hawaiian shirt with a ukulele motif (being worn)
  Q - an uncursed +0 dwarvish mithril-coat (being worn)
 Comestibles  ('%')
  e - an uncursed pancake
  d - an uncursed egg
 Scrolls  ('?')
  A - an uncursed scroll of charging
  n - a blessed scroll of enchant armor
  q - an uncursed scroll of enchant armor
  K - a cursed scroll of enchant weapon
  x - a cursed scroll of gold detection
  X - an uncursed scroll of identify
  h - 4 uncursed scrolls of magic mapping
 Potions  ('!')
  N - a potion of unholy water
 Rings    ('=')
  v - a cursed +1 ring of gain constitution named cursed
 Wands    ('/')
  r - an uncursed wand of cold (0:7)
  y - an uncursed wand of digging (0:2)
  s - an uncursed wand of fire (0:0)
 Tools    ('(')
  U - an empty uncursed sack
  l - an uncursed credit card
  k - an uncursed expensive camera (0:42)
  T - an uncursed magic marker (0:66)
  m - an uncursed magic marker (0:20)
 Gems/Stones  ('*')
  u - 2 uncursed worthless pieces of blue glass
  P - an uncursed worthless piece of orange glass
  Y - 2 uncursed worthless pieces of white glass

CyberFan the Tourist's attributes:

Background:
 You were an Excursionist, a level 7 male human Tourist.
 You were neutral, on a mission for The Lady
 who was opposed by Blind Io (lawful) and Offler (chaotic).
 You were left-handed.
 You were in the Gnomish Mines, on level 6.
 You entered the dungeon 3472 turns ago.
 It was nighttime.
 There was a new moon in effect when your adventure ended.
 You had 914 experience points, 366 more were needed to attain level 8.

Basics:
 You had 0 out of 48 hit points.
 You had all 23 energy points (spell power).
 Your armor class was -2.
 Your wallet contained 33 zorkmids.
 Autopickup was on for '$%?!"=/*' plus thrown, with exceptions.

Final Characteristics:
 Your strength was 3 (peak:9, limit:18/100).
 Your dexterity was 12 (limit:18).
 Your constitution was 14 (limit:18).
 Your intelligence was 14 (limit:18).
 Your wisdom was 10 (limit:18).
 Your charisma was 18 (limit:18).

Final Status:
 You weren't hungry.
 You were burdened; movement was slightly slowed.
 You were wielding a saber.
 You had basic skill with saber.

Final Attributes:
 You were piously aligned.
 Your items were somewhat protected from fire.
 Your items were somewhat protected from cold.
 You were guarded.
 You are dead.

Miscellaneous:
 You disabled loading and storing of bones levels.
 Total elapsed playing time was 29 minutes and 55 seconds.

Major events:
 Turn
    1: CyberFan the neutral male human Tourist entered the dungeon
  688: attained the rank of Sightseer (level 3)
 1897: entered the Gnomish Mines
 2437: attained the rank of Excursionist (level 6)
 2866: reached Mine Town
 3472: killed by a gnome king

You didn't know any spells.

Skills:
 Fighting Skills
   bare handed combat [Unskilled]
   two weapon combat  [Unskilled]
   riding             [Unskilled]
 Weapon Skills
   dagger             [Unskilled]
   knife              [Unskilled]
   axe                [Unskilled]
   pick-axe           [Unskilled]
   short sword        [Unskilled]
   broadsword         [Unskilled]
   long sword         [Unskilled]
   two-handed sword   [Unskilled]
   saber              [Basic]
   mace               [Unskilled]
   morning star       [Unskilled]
   flail              [Unskilled]
   hammer             [Unskilled]
   quarterstaff       [Unskilled]
   polearms           [Unskilled]
   spear              [Unskilled]
   trident            [Unskilled]
   lance              [Unskilled]
   bow                [Unskilled]
   sling              [Unskilled]
   crossbow           [Unskilled]
   dart               [Skilled]
   shuriken           [Unskilled]
   boomerang          [Unskilled]
   whip               [Unskilled]
   unicorn horn       [Unskilled]
 Spellcasting Skills
   divination spells  [Unskilled]
   enchantment spells [Unskilled]
   escape spells      [Unskilled]

Voluntary challenges:
 Character rerolling was not enabled.
 You never genocided any monsters.
 You never polymorphed an object.
 You never changed form.
 You used no wishes.
Achievements:
 You attained the rank of Sightseer.
 You entered a shop.
 You entered the Gnomish Mines.
 You attained the rank of Excursionist.
 You entered Minetown.
 You entered a temple.

 The Dungeons of Doom: levels 1 to 5
    Level 1:
       A grave.
    Level 2:
    Level 3:
    Level 4:
       A tool shop, an altar.
       Stairs down to The Gnomish Mines.
    Level 5:
 The Gnomish Mines: levels 5 to 8
    Level 5:
    Level 6: <- You were here.
       Final resting place for
          you, killed by a gnome king.
    Level 7:
    Level 8:
       Many shops, a temple and an altar, some fountains, a grave.


Vanquished creatures:
  a brown pudding
  a pony
  2 fog clouds
  8 gnome leaders
  2 gnomish wizards
  a little dog
  2 floating eyes
  7 dwarves
  7 hill orcs
  a giant bat
  9 killer bees
  2 coyotes
  5 manes
  a hobgoblin
  2 giant rats
  a cave spider
  a yellow mold
 21 gnomes
  a gnome zombie
  2 geckos
  5 jackals
  2 foxes
  5 grid bugs
  3 lichens
  2 kobold zombies
  4 newts
98 creatures vanquished.

No species were genocided or became extinct.

Game over:
                       ----------
                      /          \
                     /    REST    \
                    /      IN      \
                   /     PEACE      \
                  /                  \
                  |     CyberFan     |
                  |      33 Au       |
                  |   killed by a    |
                  |    gnome king    |
                  |                  |
                  |                  |
                  |       2026       |
                 *|     *  *  *      | *
        _________)/\\_//(\/(/\)/\//\/|_)_______

Aloha CyberFan the Tourist...

You died in The Gnomish Mines on dungeon level 6 with 4036 points,
and 33 pieces of gold, after 3472 moves.
You were level 7 with a maximum of 48 hit points when you died.

